 Dungeon Crawl Stone Soup version 0.23.2-33-g5129a83184 (webtiles) character file.

Game seed: 6068522631892069164

196 Descartes the Shield-Bearer (level 6, -10/48 HPs)
             Began as a Formicid Fighter on Aug 7, 2019.
             Killed from afar by Blork the orc (13 damage)
             ... with a puff of frost
             ... on level 4 of the Dungeon.
             The game lasted 00:05:38 (2500 turns).

Descartes the Shield-Bearer (Formicid Fighter)      Turns: 2500, Time: 00:05:38

Health: -10/48     AC:  8    Str: 21    XL:     6   Next: 4%
Magic:  6/6        EV:  9    Int:  7    God:
Gold:   134        SH: 10    Dex: 12    Spells: 5/5 levels left

rFire    . . .     SeeInvis +   a - +0 war axe
rCold    . . .     Gourm    .   c - +0 shield
rNeg     . . .     Faith    .   b - +0 scale mail
rPois    .         Spirit   .   (helmet unavailable)
rElec    .         Reflect  .   o - +0 cloak
rCorr    .         Harm     .   (no gloves)
MR       .....                  (no boots)
Stlth    ..........             (no amulet)
HPRegen  0.16/turn              (no ring)
MPRegen  0.10/turn              (no ring)

@: no status effects
A: permanent stasis, dig shafts and tunnels, four strong arms, antennae 3
a: Dig, Shaft Self


You were on level 4 of the Dungeon.
You were hungry.

You visited 1 branch of the dungeon, and saw 4 of its levels.

You collected 134 gold pieces.

Inventory:

Hand Weapons
 a - a +0 war axe (weapon)
 u - a +4 rapier
Missiles
 e - 131 stones (quivered)
 p - 44 poisoned needles
Armour
 b - a +0 scale mail (worn)
 c - a +0 shield (worn)
 o - a +0 cloak (worn)
Magical Staves
 v - a cursed staff of wizardry {unknown}
Wands
 s - a wand of enslavement (6)
Scrolls
 h - a scroll of remove curse {unknown}
 k - a scroll of magic mapping {unknown}
 l - 4 scrolls of identify {unknown}
 m - a scroll of amnesia {unknown}
 n - a scroll of enchant weapon {unknown}
 q - 2 scrolls of teleportation {unknown}
 w - a scroll of fog {unknown}
 x - a scroll of blinking {unknown}
Potions
 d - a potion of might
 i - a potion of curing {unknown}
 j - a potion of magic {unknown}
 r - a potion of flight {unknown}
 t - 2 potions of mutation {unknown}
Comestibles
 f - 6 rations


   Skills:
 + Level 4.1 Fighting
 + Level 2.8 Axes
 + Level 4.0 Armour
 + Level 1.7 Dodging
 * Level 5.2 Shields


You had 5 spell levels left.
You didn't know any spells.
Your spell library was empty.

Dungeon Overview and Level Annotations

Branches:
Dungeon (4/15)
 Temple: D:4-7

Altars:
Ashenzari
Gozag

Annotations:
D:4 Blork the orc


Innate Abilities, Weirdness & Mutations

You cannot be hasted, slowed, berserked, paralysed or teleported.
You can dig through walls and to a lower floor.
Your four strong arms can wield two-handed weapons with a shield.
You have a pair of large antennae on your head. (SInv)


Message History

Blork the orc hits you with a +0 glaive!
* * * LOW HITPOINT WARNING * * *
You hit Blork the orc but do no damage.
Blork the orc is almost dead.
Blork the orc barely misses you.
You closely miss Blork the orc.
Blork the orc is almost dead.
Blork the orc looks braver for a moment.
Blork the orc gestures wildly while chanting.
Blork the orc flickers and vanishes for a moment.
Blork the orc closely misses you.
You completely miss Blork the orc.
Blork the orc is almost dead.
You block Blork the orc's attack.
You hit Blork the orc but do no damage.
Blork the orc is almost dead.
You block Blork the orc's attack.
Blork the orc gestures at you while chanting.
The puff of frost hits you!
You die...

#..# ##..# #...
#... #..###..
#....####
#......###
##.#%.....##
#..#.......#
#.##.......# ####
##.##.@.....#
#...##.####o.....#
##....#.# #......#
#.....#.# #......#
#......## ##....##
##.....# #...#
#.....# ####
#.....# ##....##
###


You could see Blork the orc (invisible).

Vanquished Creatures
  Ijyb (D:3)
  Robin (D:3)
  7 adders
  A worm (D:2)
  A dart slug (D:3)
  4 leopard geckos
  A ball python (D:1)
  6 bats
  3 giant cockroaches
  11 hobgoblins
  9 jackals
  A quokka (D:3)
  8 frilled lizards
  18 goblins
  7 kobolds
  4 rats
83 creatures vanquished.

Notes
Turn   | Place    | Note
-------+----------+-------------------------------------------
     0 | D:1      | Descartes the Formicid Fighter began the quest for the Orb.
     0 | D:1      | Reached XP level 1. HP: 18/18 MP: 1/1
    83 | D:1      | Reached XP level 2. HP: 14/24 MP: 2/2
   423 | D:1      | Reached skill level 4 in Shields
   504 | D:1      | Reached XP level 3. HP: 29/29 MP: 3/3
   827 | D:2      | Reached skill level 1 in Dodging
   981 | D:2      | Found a shattered altar of Ashenzari.
   994 | D:2      | Reached XP level 4. HP: 34/36 MP: 4/4
  1488 | D:3      | Noticed Ijyb
  1511 | D:3      | Killed Ijyb
  1511 | D:3      | Reached XP level 5. HP: 39/42 MP: 5/5
  1512 | D:3      | Noticed Robin
  1527 | D:3      | Killed Robin
  1652 | D:3      | Reached skill level 5 in Shields
  1842 | D:3      | Reached XP level 6. HP: 40/48 MP: 6/6
  2258 | D:3      | Found an opulent altar of Gozag.
  2475 | D:4      | Noticed Blork the orc
  2496 | D:4      | HP: 2/48 [Blork the orc/+0 glaive (12)]
  2500 | D:4      | Killed from afar by Blork the orc

Skill      XL: |  1  2  3  4  5 |
---------------+----------------+-----
Shields        | 4 5 |  5.2
Dodging        | 1 |  1.7
Fighting       | 4 |  4.1
Armour         | 4 |  4.0
Axes           | |  2.8

Action                   |  1- 3 |  4- 6 || total
-------------------------+-------+-------++-------
Melee: War axe           |   112 |   161 ||   273
 Abil: Dig               |       |     1 ||     1
  Eat: Chunk             |       |     5 ||     5
Armor: Scale mail        |    45 |    84 ||   129
Dodge: Dodged            |    34 |    63 ||    97
Block: Shield            |    68 |   109 ||   177
